 Dungeon Crawl Stone Soup version 0.23.1-37-gaa34b87b72 (webtiles) character file.

Game seed: 3767336279015647976

5007 kali666 the Cleaver (level 10, -3/71 HPs)
             Began as a Formicid Fighter on Mar 20, 2019.
             Was a Priest of Okawaru.
             Slain by a two-headed ogre
             ... wielding a +0 giant club
              (19 damage)
             ... on level 8 of the Dungeon.
             The game lasted 00:19:21 (7362 turns).

kali666 the Cleaver (Formicid Fighter)              Turns: 7362, Time: 00:19:22

Health: -3/71      AC: 14    Str: 27 (28) XL:     10   Next: 84%
Magic:  9/9        EV: 11    Int:  9      God:    Okawaru [***...]
Gold:   308        SH: 10    Dex: 10      Spells: 9/9 levels left

rFire    . . .     SeeInvis +   p - +8 mithril axe "Arga" {speed, MR+}
rCold    . . .     Gourm    .   c - +0 shield
rNeg     . . .     Faith    .   v - +0 plate armour
rPois    .         Spirit   .   (helmet unavailable)
rElec    .         Reflect  .   (no cloak)
rCorr    .         Harm     .   n - +1 pair of gloves
MR       ++...                  (no boots)
Stlth    ..........             r - amulet of rage
HPRegen  0.21/turn              s - +5 ring of evasion
MPRegen  0.11/turn              (no ring)

@: mighty, studying Armour
A: permanent stasis, dig shafts and tunnels, four strong arms, antennae 3, low
mp 1, wild magic 2
a: Dig, Shaft Self, Heroism, Renounce Religion


You were on level 8 of the Dungeon.
You worshipped Okawaru.
Okawaru was most pleased with you.
You were not hungry.

You visited 2 branches of the dungeon, and saw 9 of its levels.
You also visited: Ossuary.

You collected 308 gold pieces.

Inventory:

Hand Weapons
 a - a +1 long sword of flaming
 p - the +8 mithril axe "Arga" (weapon) {speed, MR+}
   (You found it on level 4 of the Dungeon)

   Attacks with this weapon are significantly faster.
   It affects your resistance to hostile enchantments.
Armour
 c - a +0 shield (worn)
 n - a +1 pair of gloves (worn)
 v - a +0 plate armour (worn)
Jewellery
 l - an uncursed ring of ice {unknown}
 o - an uncursed ring of wizardry
 r - an amulet of rage (around neck)
 s - a +5 ring of evasion (left hand)
Wands
 b - a wand of flame (10)
 y - a wand of paralysis (14)
Scrolls
 g - a scroll of magic mapping
 h - 7 scrolls of amnesia
 i - 2 scrolls of immolation {unknown}
 j - a scroll of random uselessness {unknown}
 u - 6 scrolls of remove curse
 w - a scroll of torment {unknown}
 A - a scroll of enchant weapon
 B - a scroll of identify
Potions
 d - 2 potions of might
 e - 2 potions of brilliance
 k - 3 potions of curing
 m - 2 potions of heal wounds
Books
 t - a manual of Armour
Comestibles
 f - 19 rations
 q - 7 chunks of flesh


   Skills:
 + Level 3.8 Fighting
 - Level 3.3 Long Blades
 + Level 13.8 Axes
 + Level 4.1 Armour
 - Level 1.0 Dodging
 + Level 0.1 Stealth
 + Level 4.6 Shields


You had 9 spell levels left.
You didn't know any spells.
Your spell library contained the following spells:

 Spells                   Type           Power        Failure   Level  Hunger
 Freeze                   Ice            #...         100%        1    ##.....
 Throw Frost              Conj/Ice       #.....       100%        2    ###....
 Ozocubu's Armour         Chrm/Ice       #.......     100%        3    ####...
 Summon Ice Beast         Ice/Summ       #.......     100%        4    #####..
 Throw Icicle             Conj/Ice       #.......     100%        4    #####..


Dungeon Overview and Level Annotations

Branches:
Dungeon (8/15)             Temple (1/1) D:6
   Lair: D:8-11

Altars:
Ashenzari
Cheibriados
Dithmenos
Elyvilon
Fedhas
Gozag
Hepliaklqana
Kikubaaqudgha
Makhleb
Nemelex Xobeh
Okawaru
Qazlal
Ru
Sif Muna
Trog
Uskayaw
Vehumet
Wu Jian
Xom
Yredelemnul
Zin
The Shining One


Innate Abilities, Weirdness & Mutations

You cannot be hasted, slowed, berserked, paralysed or teleported.
You can dig through walls and to a lower floor.
Your four strong arms can wield two-handed weapons with a shield.
You have a pair of large antennae on your head. (SInv)
Your magical capacity is low. (-10% MP)
Your spells are harder to cast, but more powerful.


Message History

You see here a ration.
The two-headed ogre hits you with a +0 giant club!
The two-headed ogre hits you with a +0 giant club.
Your shield and plate armour prevent you from hitting the two-headed ogre.
The two-headed ogre hits you with a +0 giant club! x2
You are too injured to fight recklessly!
You are too injured to fight recklessly!
You are too injured to fight recklessly!
You are too injured to fight recklessly!
You are too injured to fight recklessly!
You feel very mighty all of a sudden.
The two-headed ogre hits you with a +0 giant club!!
* * * LOW HITPOINT WARNING * * *
The two-headed ogre closely misses you.
Okay, then.
The two-headed ogre hits you but does no damage.
You block the two-headed ogre's attack.
There is an escape hatch in the floor here.
The two-headed ogre hits you with a +0 giant club!!
You die...

...###...... . .........
##......## .... .........
.........####.## ###.......#
######....#..... ....(.....
#######........### #..$......
#..)..#....#.#.<.####.........
#.......##...#................
......#####..#................
#.....#.........@....%.......#
....<..[###......O..........##
#.....#####.##.#######..#####
#.....#.....##.# ..##
#.....#.######.# .## #.....#.#
#.# # #######.# #.# #.# #.#
#.# #..


You could see a two-headed ogre.

Vanquished Creatures
  Harold (D:8)
  Grinder (D:5)
  2 yaks (D:7)
  A wyvern (D:8)
  2 hogs (D:7)
  A human (D:7)
  A water moccasin (D:6)
  An ice beast (D:6)
  2 sky beasts (D:6)
  3 orc warriors
  2 ogres
  A centaur (D:5)
  The ghost of PikkenKukken the Sneak, an amateur OpWz (D:4)
  3 big kobolds
  A gnoll sergeant (D:6)
  Blork the orc (D:5)
  3 bullfrogs
  6 scorpions (Ossuary)
  A howler monkey (D:6)
  A centaur zombie (Ossuary)
  3 crimson imps
  A bullfrog zombie (D:7)
  6 hounds
  A human zombie (Ossuary)
  4 orc priests (D:7)
  2 jellies
  5 orc wizards
  A gnoll shaman (D:5)
  A bullfrog skeleton (D:5)
  Ijyb (D:5)
  An iguana (D:8)
  7 worker ants
  3 mummies (Ossuary)
  A worker ant zombie (D:7)
  8 gnolls
  9 adders
  7 scorpion zombies (Ossuary)
  2 shadow imps
  An ooze (D:4)
  An adder skeleton (D:4)
  A worm (D:1)
  3 dart slugs
  4 leopard geckos
  13 orcs
  A ball python (D:4)
  7 giant cockroaches
  12 goblins
  3 hobgoblins
  13 jackals
  2 quokkas
  7 bats
  3 frilled lizards
  2 gnoll zombies (Ossuary)
  3 goblin zombies (Ossuary)
  5 hobgoblin zombies (Ossuary)
  12 kobolds
  2 leopard gecko skeletons
  A leopard gecko zombie (D:6)
  An orc zombie (Ossuary)
  3 rats
  2 fungi (D:4)
200 creatures vanquished.

Vanquished Creatures (others)
  A fungus (D:4)
1 creature vanquished.

Grand Total: 201 creatures vanquished

Notes
Turn   | Place    | Note
-------+----------+-------------------------------------------
     0 | D:1      | kali666 the Formicid Fighter began the quest for the Orb.
     0 | D:1      | Reached XP level 1. HP: 18/18 MP: 1/1
   115 | D:1      | Reached XP level 2. HP: 20/24 MP: 2/2
   446 | D:1      | Reached XP level 3. HP: 28/29 MP: 3/3
  1264 | D:2      | Reached XP level 4. HP: 35/37 MP: 4/4
  1388 | D:2      | Found a bloodstained altar of Trog.
  2069 | D:3      | Reached XP level 5. HP: 32/42 MP: 5/5
  2283 | D:3      | Reached skill level 1 in Dodging
  2554 | D:4      | Found the +8 mithril axe "Arga" {speed, MR+}
  2587 | D:4      | Found a sand-covered staircase.
  2592 | Ossuary  | Entered an ossuary
  2651 | Ossuary  | Reached skill level 2 in Axes
  2651 | Ossuary  | Reached XP level 6. HP: 41/48 MP: 6/6
  2677 | Ossuary  | Reached skill level 3 in Axes
  2743 | Ossuary  | Reached skill level 4 in Axes
  2743 | Ossuary  | Reached XP level 7. HP: 41/53 MP: 7/7
  2766 | Ossuary  | Identified a scroll of acquirement
  2824 | Ossuary  | Reached skill level 5 in Axes
  3071 | D:4      | Reached skill level 6 in Axes
  3079 | D:4      | Reached XP level 8. HP: 48/60 MP: 8/8
  3160 | D:4      | Found a blossoming altar of Fedhas.
  3160 | D:4      | Found a basalt altar of Yredelemnul.
  3259 | D:4      | Found a runed translucent gate.
  3259 | D:4      | Found a runed translucent gate.
  3259 | D:4      | Found a runed translucent gate.
  3260 | D:4      | Identified the +9 dagger "Uhes" {elec, MP+9 SInv}
  3261 | D:4      | Noticed PikkenKukken's ghost (amateur OpWz)
  3274 | D:4      | You fall through a shaft for 3 floors!
  3380 | D:7      | Reached skill level 7 in Axes
  3455 | D:7      | Reached skill level 8 in Axes
  3756 | D:7      | Reached skill level 9 in Axes
  3842 | D:7      | Noticed a yak
  3842 | D:7      | Noticed a hog
  3842 | D:7      | Noticed a human
  3842 | D:7      | Noticed a hog
  3842 | D:7      | Noticed a yak
  3849 | D:7      | Killed a hog
  3849 | D:7      | Reached XP level 9. HP: 55/65 MP: 9/9
  3863 | D:7      | Reached skill level 10 in Axes
  4116 | D:6      | Found a staircase to the Ecumenical Temple.
  4141 | Temple   | Entered the Ecumenical Temple
  4456 | Temple   | Became a worshipper of Warmaster Okawaru
  4559 | D:6      | Reached skill level 11 in Axes
  5172 | D:6      | Reached XP level 10. HP: 53/71 MP: 10/10
  5921 | D:5      | Entered Level 5 of the Dungeon
  5933 | D:5      | Reached skill level 12 in Axes
  5998 | D:5      | Found a sparkling altar of Nemelex Xobeh.
  6007 | D:5      | Noticed Grinder
  6032 | D:5      | Killed Grinder
  6032 | D:5      | Reached * piety under Okawaru
  6081 | D:5      | Noticed Ijyb
  6085 | D:5      | Killed Ijyb
  6305 | D:5      | Noticed Blork the orc
  6313 | D:5      | Killed Blork the orc
  6340 | D:5      | Gained mutation: Your magical capacity is low. (-10% MP)
                  | [potion of mutation]
  6340 | D:5      | Gained mutation: Your spells are a little harder to cast,
                  | but a little more powerful. [potion of mutation]
  6340 | D:5      | Gained mutation: Your spells are harder to cast, but more
                  | powerful. [potion of mutation]
  6605 | D:4      | Killed PikkenKukken's ghost
  6815 | D:4      | Reached skill level 13 in Axes
  7058 | D:8      | Noticed Harold
  7079 | D:8      | Killed Harold
  7079 | D:8      | Reached ** piety under Okawaru
  7149 | D:8      | Reached *** piety under Okawaru
  7221 | D:8      | Found a hazy altar of Hepliaklqana.
  7221 | D:8      | Found a faded altar of an unknown god.
  7227 | D:8      | Found a faded altar of an unknown god.
  7233 | D:8      | Found a white marble altar of Elyvilon.
  7234 | D:8      | Found a hide-covered altar of Uskayaw.
  7350 | D:8      | Noticed a two-headed ogre
  7362 | D:8      | Slain by a two-headed ogre

Skill      XL: |  1  2  3  4  5  6  7  8  9 10 |
---------------+-------------------------------+-----
Shields        | 4 |  4.6
Armour         | 4 |  4.1
Long Blades    | 3 |  3.3
Dodging        | 1 |  1.0
Axes           | 2 4 6 9 11 13 | 13.8
Fighting       | |  3.8
Stealth        | |  0.1

Action                   |  1- 3 |  4- 6 |  7- 9 | 10-12 || total
-------------------------+-------+-------+-------+-------++-------
Melee: Long sword        |    86 |   134 |     8 |    78 ||   306
       Broad axe         |       |    34 |   199 |    82 ||   315
 Abil: Dig               |       |     1 |     1 |     5 ||     7
       Shaft Self        |       |       |     1 |       ||     1
  Use: Scroll            |       |     7 |    11 |     1 ||    19
       Potion            |       |       |       |    10 ||    10
  Eat: Chunk             |       |     6 |     5 |     8 ||    19
       Ration            |       |       |     1 |       ||     1
Armor: Scale mail        |    52 |    82 |    59 |    12 ||   205
       Plate armour      |       |       |       |    28 ||    28
Dodge: Dodged            |    32 |    63 |    27 |    67 ||   189
Block: Shield            |    50 |   116 |    81 |    69 ||   316
       Rpst.: Long sword |    15 |    22 |     2 |    15 ||    54
